WLB
NEW YORK YANKEES @ ATLANTA BRAVES
06/28/2023
 
TOP OF THE 1ST
New York Yankees batting - Pitching for Atlanta Braves : RHP Tyler Glasnow
Pitching: RHP Tyler Glasnow
Batting: LHB Steven Kwan 0-0: Foul Ball, location: 2F
0-1: Foul Ball, location: 2F
0-2: Ball
1-2: Strikes out swinging
Batting: RHB Tim Anderson 0-0: Ball
1-0: Called Strike
1-1: Ball
2-1: Called Strike
2-2: Strikes out swinging
Batting: SHB Ozzie Albies 0-0: Ball
1-0: Foul Ball, location: 2F
1-1: Foul Ball, location: 2F
1-2: Ball
2-2: Strikes out swinging
Top of the 1st over - 0 runs, 0 hits, 0 errors, 0 left on base; New York 0 - Atlanta 0
BOTTOM OF THE 1ST
Atlanta Braves batting - Pitching for New York Yankees : RHP Kodai Senga
Pitching: RHP Kodai Senga
Batting: LHB Luis Arraez 0-0: Ball
1-0: Foul Ball, location: 2F
1-1: Ball
2-1: Foul Ball, location: 2F
2-2: Foul Ball, location: 2F
2-2: Hit by Pitch
Batting: LHB Kyle Tucker 0-0: SINGLE (Groundball, 3D, EV 109.4 MPH)
Luis Arraez to second
Runner from 2nd tries for 3rd, SAFE, no throw by RF
Batting: LHB Freddie Freeman 0-0: Ball
Kyle Tucker steals 2nd base
1-0: Called Strike
1-1: Ball
2-1: Foul Ball, location: 2F
2-2: Foul Ball, location: 2F
2-2: Foul Ball, location: 2F
2-2: DOUBLE (Line Drive, 78D, EV 102.5 MPH)
Luis Arraez scores
Kyle Tucker scores
Batting: RHB Jared Triolo 0-0: Called Strike
0-1: Ball
1-1: Foul Ball, location: 2F
1-2: Strikes out swinging
Batting: RHB Austin Riley 0-0: Swinging Strike
0-1: Called Strike
0-2: Ball
1-2: Ground out 5-3 (Groundball, 5, EV 93.8 MPH)
Batting: RHB Liover Peguero 0-0: Ball
1-0: Ball
2-0: Ball
3-0: Called Strike
3-1: Foul Ball, location: 2F
3-2: Ground out 5-3 (Groundball, 56S, EV 89.4 MPH)
Bottom of the 1st over - 2 runs, 2 hits, 0 errors, 1 left on base; New York 0 - Atlanta 2
TOP OF THE 2ND
New York Yankees batting - Pitching for Atlanta Braves : RHP Tyler Glasnow
Batting: LHB Kyle Schwarber 0-0: Called Strike
0-1: Ball
1-1: Ball
2-1: Foul Ball, location: 2F
2-2: Strikes out looking
Batting: LHB Brandon Belt 0-0: Ball
1-0: Ball
2-0: Swinging Strike
2-1: Called Strike
2-2: Strikes out looking
Batting: RHB Ha-seong Kim 0-0: Ball
1-0: Fly out, F8 (Flyball, 8RXD, EV 76.2 MPH)
Top of the 2nd over - 0 runs, 0 hits, 0 errors, 0 left on base; New York 0 - Atlanta 2
BOTTOM OF THE 2ND
Atlanta Braves batting - Pitching for New York Yankees : RHP Kodai Senga
Batting: RHB Marcus Semien 0-0: Ball
1-0: Called Strike
1-1: Ball
2-1: Ball
3-1: Fly out, F7 (Flyball, 7LS, EV 79.4 MPH)
Batting: LHB Omar Narvaez 0-0: Swinging Strike
0-1: Ball
1-1: SINGLE (Line Drive, 8RS, EV 111.2 MPH)
Batting: LHB Jarren Duran 0-0: Ball
1-0: Called Strike
Pickoff Throw to First - Error! E1
Omar Narvaez to second
1-1: Swinging Strike
1-2: Ball
2-2: Strikes out swinging, 2-3 out at first.
Batting: LHB Luis Arraez 0-0: Ball
1-0: Foul Ball, location: 2F
1-1: Fly out, F6 (Popup, P, EV 86.2 MPH)
Bottom of the 2nd over - 0 runs, 1 hit, 1 error, 1 left on base; New York 0 - Atlanta 2
TOP OF THE 3RD
New York Yankees batting - Pitching for Atlanta Braves : RHP Tyler Glasnow
Batting: RHB Seiya Suzuki 0-0: Ground out 4-3 (Groundball, 4M, EV 88.1 MPH)
Batting: RHB Christian Vázquez 0-0: Swinging Strike
0-1: Swinging Strike
0-2: Strikes out looking
Batting: RHB Manuel Margot 0-0: Ball
1-0: Called Strike
1-1: Swinging Strike
1-2: Ball
2-2: Foul Ball, location: 2F
2-2: Foul Ball, location: 2F
2-2: Strikes out swinging
Top of the 3rd over - 0 runs, 0 hits, 0 errors, 0 left on base; New York 0 - Atlanta 2
BOTTOM OF THE 3RD
Atlanta Braves batting - Pitching for New York Yankees : RHP Kodai Senga
Batting: LHB Kyle Tucker 0-0: Fly out, F9 (Flyball, 9, EV 96.2 MPH)
Batting: LHB Freddie Freeman 0-0: DOUBLE (Groundball, 3L, EV 105.6 MPH)
Batting: RHB Jared Triolo 0-0: Called Strike
0-1: Ground out 4-3 (Groundball, 4, EV 91.2 MPH)
Freddie Freeman to third
Batting: RHB Austin Riley 0-0: Ball
1-0: Ball
2-0: Foul Ball, location: 2F
2-1: Foul Ball, location: 2F
2-2: Hit by Pitch
Batting: RHB Liover Peguero 0-0: Called Strike
0-1: Swinging Strike
0-2: Strikes out swinging
Bottom of the 3rd over - 0 runs, 1 hit, 0 errors, 2 left on base; New York 0 - Atlanta 2
TOP OF THE 4TH
New York Yankees batting - Pitching for Atlanta Braves : RHP Tyler Glasnow
Batting: LHB Steven Kwan 0-0: Called Strike
0-1: Foul Ball, location: 2F
0-2: Strikes out swinging
Batting: RHB Tim Anderson 0-0: Ball
1-0: Swinging Strike
1-1: Swinging Strike
1-2: Strikes out swinging
Batting: SHB Ozzie Albies 0-0: Ball
1-0: Foul Ball, location: 2F
1-1: Ball
2-1: Fly out, F8 (Flyball, 8LXD, EV 91.9 MPH)
Top of the 4th over - 0 runs, 0 hits, 0 errors, 0 left on base; New York 0 - Atlanta 2
BOTTOM OF THE 4TH
Atlanta Braves batting - Pitching for New York Yankees : RHP Kodai Senga
Batting: RHB Marcus Semien 0-0: DOUBLE (Line Drive, 78D, EV 108.8 MPH)
Batting: LHB Omar Narvaez 0-0: SINGLE (Groundball, 6D, EV 95.0 MPH)
Marcus Semien to third
Batting: LHB Jarren Duran 0-0: Ball
1-0: Called Strike
1-1: Ball
2-1: Fielders Choice at 2nd, 3-6 (Groundball, 3, EV 93.1 MPH)
Marcus Semien scores
Batting: LHB Luis Arraez 0-0: Ball
1-0: Ball
Jarren Duran steals 2nd, throwing error, E2
Jarren Duran to third
2-0: Foul Ball, location: 2F
2-1: Ball
3-1: Base on Balls
Batting: LHB Kyle Tucker 0-0: Ball
1-0: Foul Ball, location: 2F
1-1: Swinging Strike
1-2: Foul Ball, location: 2F
1-2: Foul Ball, location: 2F
1-2: Strikes out looking
Batting: LHB Freddie Freeman 0-0: Ball
1-0: Called Strike
1-1: Swinging Strike
1-2: Fly out, F8 (Flyball, 8LXD, EV 89.4 MPH)
Bottom of the 4th over - 1 run, 2 hits, 1 error, 2 left on base; New York 0 - Atlanta 3
TOP OF THE 5TH
New York Yankees batting - Pitching for Atlanta Braves : RHP Tyler Glasnow
Batting: LHB Kyle Schwarber 0-0: Ball
1-0: Swinging Strike
1-1: Foul Ball, location: 2F
1-2: Ball
2-2: Strikes out swinging
Batting: LHB Brandon Belt 0-0: Ball
1-0: Ball
2-0: Ball
3-0: Base on Balls
Batting: RHB Ha-seong Kim 0-0: Called Strike
0-1: Fly out, F9 (Flyball, 89S, EV 89.4 MPH)
Batting: RHB Seiya Suzuki 0-0: Ball
1-0: Ball
2-0: Ball
3-0: Called Strike
3-1: Swinging Strike
3-2: Strikes out swinging
Top of the 5th over - 0 runs, 0 hits, 0 errors, 1 left on base; New York 0 - Atlanta 3
BOTTOM OF THE 5TH
Atlanta Braves batting - Pitching for New York Yankees : RHP Kodai Senga
Batting: RHB Jared Triolo 0-0: SINGLE (Groundball, 56D, EV 96.2 MPH)
Batting: RHB Austin Riley 0-0: Called Strike
0-1: Ball
1-1: SINGLE (Groundball, 6MD, EV 96.2 MPH)
Jared Triolo to second
Runner from 2nd tries for 3rd, SAFE, no throw by CF
Batting: RHB Liover Peguero 0-0: 3-RUN HOME RUN (Flyball, 7D, EV 98.1 MPH), Distance : 382 ft
Pitching: RHP Triston McKenzie
Batting: RHB Marcus Semien 0-0: Ground out 6-3 (Groundball, 6, EV 104.4 MPH)
Batting: LHB Omar Narvaez 0-0: Foul Ball, location: 2F
0-1: Ball
1-1: Ball
2-1: Fly out, F9 (Flyball, 9LM, EV 83.8 MPH)
Batting: LHB Jarren Duran 0-0: Called Strike
0-1: Called Strike
0-2: Ball
1-2: Fly out, F8 (Line Drive, 8LM, EV 99.4 MPH)
Bottom of the 5th over - 3 runs, 3 hits, 0 errors, 0 left on base; New York 0 - Atlanta 6
TOP OF THE 6TH
New York Yankees batting - Pitching for Atlanta Braves : RHP Tyler Glasnow
Batting: RHB Christian Vázquez 0-0: Foul Ball, location: 2F
0-1: Ball
1-1: Ball
2-1: Foul Ball, location: 2F
2-2: Strikes out looking
Batting: RHB Manuel Margot 0-0: Fly out, F8 (Flyball, 8RM, EV 82.5 MPH)
Batting: LHB Steven Kwan 0-0: Called Strike
0-1: Ground out 6-3 (Groundball, 6S, EV 66.9 MPH)
Top of the 6th over - 0 runs, 0 hits, 0 errors, 0 left on base; New York 0 - Atlanta 6
BOTTOM OF THE 6TH
Atlanta Braves batting - Pitching for New York Yankees : RHP Triston McKenzie
Batting: LHB Luis Arraez 0-0: Foul Ball, location: 2F
0-1: Ball
1-1: Ground out 6-3 (Groundball, P, EV 83.1 MPH)
Batting: LHB Kyle Tucker 0-0: Called Strike
0-1: Fly out, F4 (Popup, 4, EV 52.5 MPH)
Batting: LHB Freddie Freeman 0-0: Swinging Strike
0-1: Ball
1-1: Foul Ball, location: 2F
1-2: Ball
2-2: Foul Ball, location: 2F
2-2: Ball
3-2: Strikes out swinging
Bottom of the 6th over - 0 runs, 0 hits, 0 errors, 0 left on base; New York 0 - Atlanta 6
TOP OF THE 7TH
New York Yankees batting - Pitching for Atlanta Braves : RHP Tyler Glasnow
Batting: RHB Tim Anderson 0-0: Ball
1-0: Ground out 6-3 (Groundball, 6, EV 101.2 MPH)
Batting: SHB Ozzie Albies 0-0: Ball
1-0: Called Strike
1-1: Fly out, F9 (Flyball, 9S, EV 89.4 MPH)
Batting: LHB Kyle Schwarber 0-0: Called Strike
0-1: Foul Ball, location: 2F
0-2: Ball
1-2: Strikes out looking
Top of the 7th over - 0 runs, 0 hits, 0 errors, 0 left on base; New York 0 - Atlanta 6
BOTTOM OF THE 7TH
Atlanta Braves batting - Pitching for New York Yankees : RHP Triston McKenzie
Batting: RHB Jared Triolo 0-0: Ball
1-0: Called Strike
1-1: Foul Ball, location: 2F
1-2: Ball
2-2: Ball
3-2: Foul Ball, location: 2F
3-2: Base on Balls
Batting: RHB Austin Riley 0-0: Ball
1-0: Fly out, F9 (Line Drive, 89M, EV 98.8 MPH)
Batting: RHB Liover Peguero 0-0: Foul Ball, location: 2F
0-1: Fly out, F7 (Flyball, 7D, EV 110.0 MPH)
Batting: RHB Marcus Semien 0-0: Called Strike
0-1: Foul Ball, location: 2F
0-2: Ball
1-2: Ball
2-2: Foul Ball, location: 2F
2-2: Foul Ball, location: 2F
2-2: Strikes out swinging
Bottom of the 7th over - 0 runs, 0 hits, 0 errors, 1 left on base; New York 0 - Atlanta 6
TOP OF THE 8TH
New York Yankees batting - Pitching for Atlanta Braves : RHP Tyler Glasnow
Batting: LHB Brandon Belt 0-0: Ground out 4-3 (Groundball, 4M, EV 83.1 MPH)
Batting: RHB Ha-seong Kim 0-0: Ball
1-0: Ball
2-0: Called Strike
2-1: Ball
3-1: Base on Balls
Batting: RHB Seiya Suzuki 0-0: Ball
1-0: Ball
2-0: Foul Ball, location: 2F
2-1: Ball
3-1: Foul Ball, location: 2F
3-2: Strikes out swinging
Batting: RHB Christian Vázquez 0-0: Ball
1-0: Called Strike
1-1: Ball
2-1: Foul Ball, location: 2F
2-2: SINGLE (Groundball, P, EV 78.8 MPH) (infield hit)
Ha-seong Kim to second
Batting: RHB Manuel Margot 0-0: Ball
1-0: Ball
2-0: SINGLE (Groundball, 56D, EV 96.9 MPH)
Ha-seong Kim to third
Christian Vázquez to second
Runner from 3rd tries for Home, SAFE, throw by LF to home
Christian Vázquez to third
Manuel Margot to second
Pitching: RHP Jake Woodford
Batting: LHB Steven Kwan 0-0: Swinging Strike
0-1: Called Strike
0-2: Foul Ball, location: 2F
0-2: Foul Ball, location: 2F
0-2: Foul Ball, location: 2F
0-2: Strikes out swinging
Top of the 8th over - 1 run, 2 hits, 0 errors, 2 left on base; New York 1 - Atlanta 6
BOTTOM OF THE 8TH
Atlanta Braves batting - Pitching for New York Yankees : RHP Triston McKenzie
Pitching: LHP Andrew Heaney
Batting: LHB Omar Narvaez 0-0: Swinging Strike
0-1: Foul Ball, location: 2F
0-2: Ball
1-2: Strikes out swinging
Batting: LHB Jarren Duran 0-0: Called Strike
0-1: Foul Ball, location: 2F
0-2: Fly out, F9 (Line Drive, 9D, EV 98.8 MPH)
Batting: LHB Luis Arraez 0-0: Foul Ball, location: 2F
0-1: Ball
1-1: Foul Ball, location: 2F
1-2: Fly out, F9 (Flyball, 9, EV 84.4 MPH)
Bottom of the 8th over - 0 runs, 0 hits, 0 errors, 0 left on base; New York 1 - Atlanta 6
TOP OF THE 9TH
New York Yankees batting - Pitching for Atlanta Braves : RHP Jake Woodford
Batting: RHB Tim Anderson 0-0: Ball
1-0: Foul Ball, location: 2F
1-1: Ball
2-1: Fly out, F8 (Flyball, 8RM, EV 77.5 MPH)
Batting: SHB Ozzie Albies 0-0: Ground out 3-1 (Groundball, 3D, EV 98.1 MPH)
Batting: LHB Kyle Schwarber 0-0: Foul Ball, location: 2F
0-1: Ball
1-1: Ball
2-1: Foul Ball, location: 2F
2-2: Strikes out swinging
Top of the 9th over - 0 runs, 0 hits, 0 errors, 0 left on base; New York 1 - Atlanta 6
Saturday, April 29th , 2023 - OOTP Baseball 23.10 Build 110